 Dungeon Sprint DCSS version 0.21.0-24-g2553a33 (webtiles) character file.

1458 letownia2 the Brawler (level 8, -4/130 HPs)
             Began as a Troll Hunter on Jan 19, 2018.
             Was an Initiate of Ru.
             Slain by a demonic crawler (6 damage)
             ... in the Dungeon (Sprint I: "Red Sonja").
             The game lasted 00:03:08 (378 turns).

letownia2 the Brawler (Troll Hunter)                 Turns: 378, Time: 00:03:09

Health: -4/130     AC:  5    Str: 26    XL:     8   Next: 47%
Magic:  7/7        EV: 11    Int:  9    God:    Ru [......]
Gold:   405        SH:  0    Dex: 10    Spells: 7/7 levels left

rFire    . . .     SeeInvis .     - Unarmed
rCold    . . .     Gourm    +   (no shield)
rNeg     . . .     Faith    .   b - +0 robe
rPois    .         Spirit   .   (helmet restricted)
rElec    .         Reflect  .   (no cloak)
rCorr    .         Harm     .   (gloves unavailable)
MR       .....     NoTele   +   (boots unavailable)
Stlth    ..........             (no amulet)
HPRegen  0.71/turn              (no ring)
MPRegen  0.10/turn              (no ring)

@: berserking, very quick
A: large, unfitting armour, claws 3, fast metabolism 3, gourmand, regeneration
1, shaggy fur 1, tough skin 2
a: Renounce Religion


You were in the Dungeon.
You worshipped Ru.
Ru was noncommittal.
You were hungry.

You visited 1 branch You collected 405 gold pieces.

Inventory:

Missiles
 c - a large rock (quivered)
 d - a throwing net
Armour
 b - a +0 robe (worn)
Scrolls
 k - a scroll of blinking
Potions
 a - a potion of lignification {unknown}
 e - a potion of curing
 g - a potion of heal wounds
 h - a potion of haste
 i - 2 potions of magic
Comestibles
 f - 2 rations


   Skills:
 - Level 7.4 Fighting
 - Level 3.6 Throwing
 - Level 4.6 Dodging
 - Level 0.3 Stealth
 + Level 15.2 Unarmed Combat


You had 7 spell levels left.
You didn't know any spells.

Dungeon Overview and Level Annotations

Branches:
Dungeon (1/1)

Altars:
Cheibriados
Dithmenos
Elyvilon
Fedhas
Gozag
Hepliaklqana
Kikubaaqudgha
Makhleb
Nemelex Xobeh
Okawaru
Qazlal
Ru
Sif Muna
Trog
Uskayaw
Vehumet
Wu Jian
Xom
Yredelemnul
Zin
The Shining One
Jiyva
Lugonu

Shops:
D [

Annotations:
D exclusion: door


Innate Abilities, Weirdness & Mutations

You are too large for most types of armour.
You have claws for hands.
Your metabolism is lightning-fast.
You like to eat raw meat.
Your natural rate of healing is unusually fast.
You are covered in fur. (AC +1)
You have very tough skin. (AC +2)


Message History

The demonic crawler is severely wounded.
You claw the demonic crawler!
The demonic crawler is lightly wounded.
The demonic crawler hits you!
* * * LOW HITPOINT WARNING * * *
The demonic crawler hits you!
* * * LOW HITPOINT WARNING * * *
The demonic crawler hits you.
* * * LOW HITPOINT WARNING * * *
You mangle the demonic crawler!!
You kill the demonic crawler!
Your Unarmed Combat skill increases to level 15!
The demonic crawler barely misses you. The demonic crawler misses you.
The demonic crawler hits you.
* * * LOW HITPOINT WARNING * * *
Unknown command.
You mangle the demonic crawler!!
The demonic crawler is heavily wounded.
The demonic crawler hits you.
You die...

#########################
#<.#.)'..#..'..#__#.))(.(
#..'[.#..').#.s'..'..#
#..#####'#####'#__####
#..####..#...#)####!§#
#..#__####..##(#≈≈≈§c#
#..#_____##'#_.+≈§≈§
#⌠⌠#_.∩.@s'(.._#≈§§.c#
####_..__##_.#'##+##
#_____###+#)# ####### ###


You could see a demonic crawler.

Vanquished Creatures
  A demonic crawler (D)
  2 kobold demonologists (D)
  A slime creature (D)
  Sigmund (D)
  A yak (D)
  A floating eye (D)
  An ogre (D)
  A jelly (D)
  Ijyb (D)
10 creatures vanquished.

Vanquished Creatures (others)
  A gargoyle (D)
1 creature vanquished.

Grand Total: 11 creatures vanquished

Notes
Turn   | Place    | Note
-------+----------+-------------------------------------------
     0 | D        | letownia2 the Troll Hunter began the quest for the Orb.
     0 | D        | Reached XP level 1. HP: 19/19 MP: 0/0
     3 | D        | Noticed Ijyb
    15 | D        | Killed Ijyb
    15 | D        | Reached skill level 5 in Unarmed Combat
    15 | D        | Reached XP level 2. HP: 24/27 MP: 1/1
    36 | D        | Noticed an ogre
    39 | D        | Killed an ogre
    39 | D        | Reached skill level 9 in Unarmed Combat
    39 | D        | Reached XP level 3. HP: 33/33 MP: 2/2
    39 | D        | Reached XP level 4. HP: 41/41 MP: 3/3
    53 | D        | Noticed Sigmund
    64 | D        | Killed Sigmund
    64 | D        | Reached skill level 12 in Unarmed Combat
    64 | D        | Reached XP level 5. HP: 42/48 MP: 4/4
    64 | D        | Reached XP level 6. HP: 49/55 MP: 5/5
    65 | D        | Killed a gargoyle
    78 | D        | Found an ornate altar of the Wu Jian Council.
    78 | D        | Found a deep blue altar of Sif Muna.
    80 | D        | Found a radiant altar of Vehumet.
    86 | D        | Found Ohopoin's Armour Emporium.
    86 | D        | Found an ancient bone altar of Kikubaaqudgha.
    86 | D        | Found a hazy altar of Hepliaklqana.
    86 | D        | Found a stormy altar of Qazlal.
    86 | D        | Found a hide-covered altar of Uskayaw.
    86 | D        | Found a blossoming altar of Fedhas.
    86 | D        | Found a bloodstained altar of Trog.
    86 | D        | Found an iron altar of Okawaru.
    86 | D        | Found a basalt altar of Yredelemnul.
    86 | D        | Found a glowing golden altar of the Shining One.
    86 | D        | Found a snail-covered altar of Cheibriados.
    86 | D        | Found a sacrificial altar of Ru.
    86 | D        | Found a glowing silver altar of Zin.
    86 | D        | Found a shadowy altar of Dithmenos.
    86 | D        | Found a white marble altar of Elyvilon.
    86 | D        | Noticed a yak
    87 | D        | Found an opulent altar of Gozag.
    94 | D        | Killed a yak
    95 | D        | Found a sparkling altar of Nemelex Xobeh.
   102 | D        | Became a worshipper of Ru the Awakened
   146 | D        | Noticed a centaur warrior
   147 | D        | Noticed a centaur warrior
   150 | D        | Found a viscous altar of Jiyva.
   150 | D        | Found a corrupted altar of Lugonu.
   150 | D        | Noticed a slime creature
   151 | D        | Found a burning altar of Makhleb.
   151 | D        | Found a shimmering altar of Xom.
   160 | D        | Killed a slime creature
   160 | D        | Reached skill level 5 in Fighting
   160 | D        | Reached XP level 7. HP: 33/74 MP: 6/6
   232 | D        | Noticed a kobold demonologist
   233 | D        | Noticed a chaos spawn
   234 | D        | Noticed a kobold demonologist
   235 | D        | Noticed a hellwing
   235 | D        | Noticed a sixfirhy
   242 | D        | Reached skill level 13 in Unarmed Combat
   251 | D        | Noticed a rust devil
   254 | D        | Noticed a sixfirhy
   255 | D        | Killed a kobold demonologist
   257 | D        | Noticed a demonic crawler
   260 | D        | Noticed a demonic crawler
   260 | D        | Killed a kobold demonologist
   260 | D        | Reached skill level 14 in Unarmed Combat
   260 | D        | Reached XP level 8. HP: 69/87 MP: 7/7
   265 | D        | Noticed a demonic crawler
   376 | D        | HP: 5/130 [demonic crawler (3)]
   377 | D        | Killed a demonic crawler
   377 | D        | Reached skill level 15 in Unarmed Combat
   377 | D        | HP: 1/130 [demonic crawler (4)]
   378 | D        | Slain by a demonic crawler

Skill      XL: |  1  2  3  4  5  6  7  8 |
---------------+-------------------------+-----
Unarmed Combat | 5 9 12 14 15 | 15.2
Fighting       | 5 7 |  7.4
Dodging        | 4 |  4.6
Throwing       | |  3.6
Stealth        | |  0.3

Action                   |  1- 3 |  4- 6 |  7- 9 || total
-------------------------+-------+-------+-------++-------
Melee: Unarmed           |    13 |    27 |    35 ||    75
       Punch             |       |     1 |     3 ||     4
Throw: Large rock        |     1 |       |     4 ||     5
       Throwing net      |       |       |     1 ||     1
  Use: Potion            |       |       |     1 ||     1
 Stab: Paralysed         |       |       |     1 ||     1
Armor: Robe              |     4 |     1 |     9 ||    14
Dodge: Dodged            |     4 |     8 |    20 ||    32
